 Dungeon Crawl Stone Soup version 0.31-a0-986-g5e6e4ef867 (webtiles) character file.

Game seed: 10255076259354643731

1929 LeprechaunX the Changeling (level 9, -14/54 HPs)
             Began as an Octopode Shapeshifter on Nov 3, 2023.
             Was a Believer of Hepliaklqana.
             Killed from afar by a gargoyle (23 damage)
             ... with a stone arrow
             ... on level 6 of the Dungeon.
             The game lasted 00:06:09 (4223 turns).

LeprechaunX the Changeling (Octopode Shapeshifter)  Turns: 4223, Time: 00:06:10

Health: -14/54     AC:  1    Str: 16    XL:     9   Next: 17%
Magic:  9/9        EV: 18    Int: 12    God:    Hepliaklqana [**....]
Gold:   389        SH:  0    Dex: 13    Spells: 8/8 levels left

rFire   . .          .
                       - Unarmed
rCold   . . .        (no shield)
rNeg    . . .        (helmet currently unavailable)
rPois   .            u - amulet of regeneration
rElec   .            h - +5 ring of evasion
rCorr   .            (no ring)
SInv    .            (no ring)
Will    .....        (no ring)
Stlth   ++           (no ring)
HPRegen 1.09/turn    (no ring)
MPRegen 0.11/turn    (no ring)
                     (no ring)

%: no passive effects
@: beast-form
A: beast (slay +4), reduced essence, almost no armour, amphibious, 8 rings,
camouflage 1, gelatinous body 1, (nimble swimmer 1), tentacles
a: Begin Untransformation, Renounce Religion, Recall Ancestor, Ancestor Identity


You were on level 6 of the Dungeon.
You worshipped Hepliaklqana.
Hepliaklqana was pleased with you.
You were a hulking beast.
You visited 1 branch of the dungeon, and saw 6 of its levels.

You collected 389 gold pieces.

Inventory:

Hand Weapons
 k - a +0 sling
Missiles
 l - 3 poisoned darts
 o - 4 boomerangs (quivered)
Jewellery
 h - a +5 ring of evasion (left tentacle)
 u - an amulet of regeneration (around mantle)
Talismans
 b - a beast talisman
 c - a flux talisman
Wands
 q - a wand of quicksilver (9)
 w - a wand of flame (44)
 y - a wand of digging (4)
Scrolls
 d - a scroll of fog {unknown}
 f - 7 scrolls of teleportation
 m - a scroll of silence {unknown}
 n - 3 scrolls of enchant weapon {unknown}
 p - 2 scrolls of revelation {unknown}
 s - a scroll of enchant armour {unknown}
 t - 3 scrolls of identify {unknown}
 v - a scroll of poison {unknown}
 B - 2 scrolls of immolation {unknown}
Potions
 a - a potion of lignification
 e - 2 potions of attraction {unknown}
 g - 3 potions of curing
 i - a potion of heal wounds {unknown}
 j - 2 potions of mutation {unknown}
 r - a potion of haste {unknown}
 x - 2 potions of degeneration {unknown}
 z - a potion of invisibility {unknown}
 A - a potion of brilliance {unknown}


   Skills:
 + Level 5.0 Fighting
 + Level 4.5 Throwing
 - Level 2.0 Dodging
 + Level 5.7 Unarmed Combat
 + Level 3.5 Evocations
 * Level 7.2 Shapeshifting


You had 8 spell levels left.
You didn't know any spells.
Your spell library contained the following spells:

 Spells                   Type           Power      Damage    Failure   Level
 Apportation              Tloc           0%         N/A       32%         1
 Slow                     Hex            0%         N/A       32%         1
 Summon Small Mammal      Summ           0%         N/A       32%         1
 Jinxbite                 Hex            0%         N/A       45%         2
 Call Canine Familiar     Summ           0%         N/A       69%         3
 Confusing Touch          Hex            0%         N/A       69%         3
 Sigil of Binding         Hex            0%         N/A       69%         3
 Summon Guardian Golem    Hex/Summ       0%         N/A       69%         3
 Vampiric Draining        Necr           0%         2d6       69%         3
 Leda's Liquefaction      Hex/Erth       0%         N/A       97%         4
 Alistair's Intoxication  Tmut/Pois      0%         N/A       100%        5
 Lee's Rapid Deconstruct  Erth           0%         3d4*      100%        5
 Bombard                  Conj/Erth      0%         9d1       100%        6


Dungeon Overview and Level Annotations

Branches:
Dungeon (6/15)
 Temple: D:4-7

Altars:
Hepliaklqana
Trog

Shops:
D:1 ?


Innate Abilities, Weirdness & Mutations

You are a hulking beast.
Your limbs bulge with bestial killing power. (Slay +4)
Your life essence is reduced to manifest your ancestor. (-10% HP)
You cannot wear most types of armour.
You are amphibious.
You can wear up to eight rings at the same time.
Your skin changes colour to match your surroundings (Stealth+).
Your rubbery body absorbs attacks. (AC +1, EV +1)
((You are camouflaged when in or above water. (Stealth+)))
You have tentacles for arms and can constrict up to eight enemies at once.


Message History

Ilshubani barely misses the gargoyle.
Ilshubani casts a spell at the wight.
The stone arrow hits the yak!!
Something hits Ilshubani!!
Ilshubani is destroyed!
The sentinel's mark upon you fades away.
You hear a distant slurping noise.
The yak snorts and paws the ground.
You tentacle-slap the wight but do no damage.
Your grab misses the wight.
Your tentacle-slap misses the wight.
The wight hits you with a +2 great sword!
You feel drained.
You bludgeon the wight! You grab the wight.
The wight is heavily damaged.
You constrict the wight, but do no damage.
The wight misses you.
You tentacle-slap the wight.
The wight is severely damaged.
You constrict the wight.
The wight hits you with a +2 great sword!
You tentacle-slap the wight.
You destroy the wight!
Your life force feels restored.
You barely miss the gargoyle. You grab the gargoyle.
You constrict the gargoyle, but do no damage.
You tentacle-slap the gargoyle. You squeeze the gargoyle.
The gargoyle is moderately damaged.
You constrict the gargoyle.
The gargoyle hurls a stone arrow at you.
The stone arrow hits you!
You bludgeon the gargoyle!
The gargoyle is severely damaged.
You constrict the gargoyle.
The gargoyle hits you with a +0 morningstar!
* * * LOW HITPOINT WARNING * * *
Unknown command.
It was a potion of curing.
You feel better.
You constrict the gargoyle.
The gargoyle hurls a stone arrow at you.
The stone arrow hits you!!
You die...

....#.#......###.......###...#
....#.#.#...#.#.#.....#.#.#..#
....#.###..#..#..#...#..#..#R#
....#.....#...#...#.#...#...#####
............(....................
####....###.......###.........###
#...#.#.#.....#.#.#...######
##.#..#..#..9#..#..#..#
##...#...#.#h..#...#.##
####################.# ########.#
#<.......# ##########


You could see a gargoyle.

Vanquished Creatures
  Sigmund (D:3)
  A water moccasin (D:5)
  An orc warrior (D:6)
  2 ice beasts
  A black bear (D:6)
  A phantom (D:4)
  A bullfrog (D:6)
  4 scorpions
  A wight (D:6)
  3 hounds
  A jelly (D:5)
  2 orc priests
  Crazy Yiuf (D:5)
  Natasha (D:3)
  4 iguanas
  A sleepcap (D:6)
  7 adders
  A gnoll (D:6)
  A shadow imp (D:6)
  2 white imps (D:6)
  3 worms
  4 orcs
  3 bats
  8 endoplasms
  2 giant cockroaches
  3 goblins
  6 hobgoblins
  12 jackals
  6 kobolds
  A quokka (D:3)
  8 ball pythons
  5 frilled lizards
  4 rats
102 creatures vanquished.

Vanquished Creatures (collateral kills)
  An orc warrior (D:6)
  An ogre (D:4)
  A killer bee (D:6)
  A hound (D:6)
  An iguana (D:6)
  An orc priest (D:5)
  2 gnolls (D:6)
  An adder (D:6)
  7 orcs
16 creatures vanquished.

Vanquished Creatures (others)
  2 battlemagi
2 creatures vanquished.

Grand Total: 120 creatures vanquished

Notes
Turn   | Place    | Note
-------+----------+-------------------------------------------
     0 | D:1      | LeprechaunX the Octopode Shapeshifter began the quest for
                  | the Orb.
     0 | D:1      | Reached XP level 1. HP: 13/13 MP: 1/1
   156 | D:1      | Found Lalimm's Magic Scroll Shop.
   226 | D:1      | Reached XP level 2. HP: 18/18 MP: 2/2
   916 | D:2      | Reached XP level 3. HP: 23/23 MP: 3/3
  1708 | D:3      | Noticed a scorpion
  1716 | D:3      | Killed a scorpion
  1717 | D:3      | Reached skill level 1 in Throwing
  1717 | D:3      | Reached skill level 4 in Shapeshifting
  1717 | D:3      | Reached XP level 4. HP: 17/29 MP: 4/4
  1908 | D:3      | Noticed Sigmund
  1917 | D:3      | Killed Sigmund
  1918 | D:3      | Reached XP level 5. HP: 16/35 MP: 5/5
  1918 | D:3      | Reached XP level 6. HP: 18/41 MP: 6/6
  2081 | D:3      | Found a bloodstained altar of Trog.
  2106 | D:3      | Found a hazy altar of Hepliaklqana.
  2111 | D:3      | Became a worshipper of Hepliaklqana the Forgotten
  2416 | D:3      | Noticed Natasha
  2421 | D:3      | Killed Natasha
  2658 | D:4      | Reached skill level 5 in Shapeshifting
  2726 | D:4      | Reached * piety under Hepliaklqana
  2747 | D:4      | Reached XP level 7. HP: 36/41 MP: 7/7
  3050 | D:5      | Entered Level 5 of the Dungeon
  3081 | D:5      | Reached skill level 1 in Evocations
  3212 | D:5      | Reached XP level 8. HP: 48/48 MP: 8/8
  3296 | D:5      | Reached ** piety under Hepliaklqana
  3297 | D:5      | Remembered your ancestor Ilshubani as a battlemage
  3323 | D:5      | Reached skill level 6 in Shapeshifting
  3327 | D:5      | Reached skill level 5 in Unarmed Combat
  3614 | D:5      | Found a runed translucent door.
  3615 | D:5      | Noticed Crazy Yiuf
  3756 | D:5      | Killed Crazy Yiuf
  4114 | D:6      | Reached XP level 9. HP: 53/53 MP: 9/9
  4119 | D:6      | Reached skill level 7 in Shapeshifting
  4189 | D:6      | Noticed a gargoyle
  4191 | D:6      | Reached skill level 5 in Fighting
  4222 | D:6      | HP: 2/54 [gargoyle/+0 morningstar (16)]
  4223 | D:6      | Killed from afar by a gargoyle

Illustrated notes

Levels and vault maps discovered:
D:1:      spicycebolla_green_bress_n_ham, layout_loops_ring, serial_shops, shop
D:2:      layout_basic
D:3:      layout_loops_ring, minitemple, uniq_sigmund, uniq_natasha
D:4:      layout_rooms
D:5:      layout_loops_ring, kennysheep_generic_room_12, uniq_crazy_yiuf_cottage
D:6:      hangedman_cross_stitches, layout_basic,
          mainiacjoe_overflow_cross_hatched, grunt_decor_mini_mirrors,
          eino_small_chamber_without_monster, kennysheep_minor_cross,
          hangedman_decor_diamond_cutter, minmay_divided_ellipse

Skill      XL: |  1  2  3  4  5  6  7  8  9 |
---------------+----------------------------+-----
Fighting       | 2 3 4 5 |  5.0
Throwing       | 1 2 3 4 |  4.5
Shapeshifting  | 4 5 6 7 |  7.2
Unarmed Combat | 4 5 |  5.7
Evocations     | 1 3 |  3.5
Dodging        | |  2.0

Action                     |  1- 3 |  4- 6 |  7- 9 || total
---------------------------+-------+-------+-------++-------
  Melee: Unarmed           |    65 |    71 |   109 ||   245
         Constrict         |    14 |    14 |    31 ||    59
         Tentacles         |    11 |    18 |    30 ||    59
         Punch             |     2 |     2 |     8 ||    12
  Throw: Dart              |       |       |     8 ||     8
         Boomerang         |       |       |     9 ||     9
 Invoke: Ancestor Life: Ba |       |       |     1 ||     1
    Use: Scroll            |       |       |     1 ||     1
         Potion            |       |       |     1 ||     1
   Stab: Sleeping          |    10 |    12 |     6 ||    28
         Distracted        |       |       |     1 ||     1
 Armour: Skin              |    23 |    21 |    32 ||    76
  Dodge: Dodged            |    32 |    33 |    82 ||   147

Table legend: (Time is in decaauts)
 A = Elapsed time spent in this place.
 B = Non-inter-level travel time spent in this place.
 C = Inter-level travel time spent in this place.
 D = Time resting spent in this place.
 E = Time spent auto-exploring this place.
 F = Levels seen in this place.
 G = Mean time per level.
                   A        B        C        D        E       F      G
               +--------+--------+--------+--------+--------+-----+--------+
         Total |   4200 |   4022 |    178 |     10 |   3314 |   6 |  700.0 |
       Dungeon |   4200 |   4022 |    178 |     10 |   3314 |   6 |  700.0 |
               +--------+--------+--------+--------+--------+-----+--------+

Top non-repeatable levels by time:
     D:2: 901 daAuts
     D:3: 877 daAuts
     D:1: 781 daAuts
     D:5: 735 daAuts
     D:4: 479 daAuts
     D:6: 426 daAuts
